 Dungeon Crawl Stone Soup version 0.25.1-2-g60ff931df9 (webtiles) character file.

Game seed: 13138476845130688359

588 Atelerd the Stinger (level 7, -5/41 HPs)
             Began as an Octopode Venom Mage on July 29, 2020.
             Slain by Blork the orc
             ... wielding a +0 halberd
              (9 damage)
             ... on level 4 of the Dungeon.
             The game lasted 00:04:31 (5001 turns).

Atelerd the Stinger (Octopode Venom Mage)           Turns: 5001, Time: 00:04:32

Health: -5/41      AC:  1    Str:  7    XL:     7   Next: 38%
Magic:  1/13       EV: 13    Int: 25    God:
Gold:   101        SH:  0    Dex: 13    Spells: 4/15 levels left

rFire    . . .     SeeInvis .   x - +1 flail (protect)
rCold    . . .     Gourm    .   (no shield)
rNeg     . . .     Faith    .   (helmet restricted)
rPois    .         Spirit   .   (no amulet)
rElec    .         Reflect  .   p - +6 ring of intelligence
rCorr    .         Harm     .   a - ring of flight
MR       .....                  (no ring)
Stlth    ++++......             (no ring)
HPRegen  0.13/turn              (no ring)
MPRegen  0.13/turn              (no ring)
                                (no ring)
                                (no ring)

@: no status effects
A: almost no armour, stealthy swim, amphibious, 8 rings, constrict 8, camouflage
1, gelatinous body 1
a: Evoke Flight


You were on level 4 of the Dungeon.
You were not hungry.

You visited 1 branch of the dungeon, and saw 4 of its levels.

You collected 101 gold pieces.

Inventory:

Hand Weapons
 c - a +2 dagger of draining
 d - a +0 dagger
 x - a +1 flail of protection (weapon)
Jewellery
 a - a ring of flight (right tentacle)
 p - a +6 ring of intelligence (left tentacle)
Wands
 n - a wand of disintegration (1)
 w - a wand of paralysis (11)
Scrolls
 j - a scroll of magic mapping
 k - 2 scrolls of teleportation {unknown}
 l - a scroll of enchant weapon
 o - a scroll of enchant armour {unknown}
 r - a scroll of fog {unknown}
 t - 3 scrolls of remove curse
 u - a scroll of fear
 v - a scroll of blinking
Potions
 e - 2 potions of curing
 f - 3 potions of resistance {unknown}
 g - a potion of invisibility
 h - a potion of flight {unknown}
 m - a potion of stabbing
 q - a potion of degeneration {unknown}
 s - 2 potions of heal wounds {unknown}
Comestibles
 b - 4 rations
 i - 3 chunks of flesh


   Skills:
 - Level 2.0 Dodging
 - Level 5.0 Stealth
 + Level 4.5 Spellcasting
 + Level 4.5 Transmutations
 - Level 5.0 Poison Magic


You had 4 spell levels left.
You knew the following spells:

 Your Spells              Type           Power        Failure   Level  Hunger
a - Sting                 Tmut/Pois      ####         1%          1    None
b - Mephitic Cloud        Conj/Pois/Air  ##......     13%         3    ##.....
d - Ignite Poison         Fire/Tmut/Pois ###.....     7%          3    ##.....
e - Olgreb's Toxic Radia  Pois           ####....     11%         4    ####...

Your spell library contained the following spells:

 Spells                   Type           Power        Failure   Level  Hunger
 Poisonous Vapours        Pois/Air       ###...       4%          2    None


Dungeon Overview and Level Annotations

Branches:
Dungeon (4/15)             Temple (0/1) D:4

Altars:
Ashenzari
Elyvilon
Fedhas

Annotations:
D:4 1 runed translucent door, Blork the orc; Zing's ghost, amateur GrMo


Innate Abilities, Weirdness & Mutations

You cannot wear most types of armour.
You are very stealthy in the water. (Stealth+)
You are amphibious.
You can wear up to eight rings at the same time.
You can use your tentacles to constrict eight enemies at once.
Your skin changes colour to match your surroundings (Stealth+).
Your rubbery body absorbs attacks. (AC +1, EV +1)


Message History

Confirm with . or Enter, or press ? or * to list all spells.
Aiming: Sting (safe; 1% risk of failure)
Press: ? - help, Shift-Dir - straight line, f/p - Blork the orc
Aim: Blork the orc, wielding a +0 halberd and wearing a +0 robe (almost dead, fast, poisoned)
The sting hits Blork the orc.
Blork the orc looks even sicker.
Blork the orc is almost dead.
Blork the orc casts a spell.
Blork the orc flickers and vanishes!
Deactivating autopickup; reactivate with Ctrl-A.
Something hits you.
Evoke which item? (* to show all) (? for menu, Esc to quit)
Aiming: Disintegrate
Press: ? - help, Shift-Dir - straight line Nothing appears to happen.
Something hits you!
* * * LOW HITPOINT WARNING * * *
Evoke which item? (* to show all) (? for menu, Esc to quit)
Aiming: Disintegrate
Press: ? - help, Shift-Dir - straight line Nothing appears to happen.
Something hits you!
You die...

#......########.##.#..#.##..
#...............#......###..
##............#.#+#.#..#.###
#..............# #.#..#.#
#............#.# ###.#..#
#............# ###.#.
#............# ###.
#.....####'### ## #######
#@# #.# #.############
#######{# #.............
#.....).# .#####.####..
?...........#####'#####.
............#.......###.
............#.......##..
............#...........
.....#...#..#.......##..


There were no monsters in sight!

Vanquished Creatures
  3 ogres
  A centaur skeleton (D:4)
  5 worker ants (D:4)
  4 gnolls (D:4)
  7 adders
  2 oozes
  3 worms
  2 dart slugs
  A leopard gecko (D:1)
  2 orcs
  2 ball pythons
  6 bats
  4 giant cockroaches
  10 goblins
  6 hobgoblins
  5 jackals
  8 frilled lizards
  12 kobolds
  A leopard gecko skeleton (D:4)
  4 rats
88 creatures vanquished.

Notes
Turn   | Place    | Note
-------+----------+-------------------------------------------
     0 | D:1      | Atelerd the Octopode Venom Mage began the quest for the
                  | Orb.
     0 | D:1      | Reached XP level 1. HP: 11/11 MP: 3/3
   245 | D:1      | Reached XP level 2. HP: 17/17 MP: 0/5
  1495 | D:2      | Reached XP level 3. HP: 21/21 MP: 6/6
  1540 | D:2      | Learned a level 3 spell: Mephitic Cloud
  1794 | D:2      | Reached XP level 4. HP: 19/27 MP: 0/7
  2200 | D:2      | Found a blossoming altar of Fedhas.
  2577 | D:2      | Found a white marble altar of Elyvilon.
  3139 | D:3      | Reached XP level 5. HP: 31/31 MP: 9/9
  3245 | D:3      | Noticed an ogre
  3263 | D:3      | Killed an ogre
  3415 | D:3      | Found a shattered altar of Ashenzari.
  3723 | D:3      | Reached XP level 6. HP: 36/36 MP: 10/10
  3750 | D:3      | Reached skill level 5 in Poison Magic
  3871 | D:3      | Found a faded altar of an unknown god.
  4005 | D:4      | Reached skill level 5 in Stealth
  4279 | D:4      | Learned a level 4 spell: Olgreb's Toxic Radiance
  4283 | D:4      | Learned a level 3 spell: Ignite Poison
  4449 | D:4      | Reached XP level 7. HP: 29/41 MP: 4/13
  4876 | D:4      | Found a runed translucent door.
  4876 | D:4      | Noticed Zing's ghost (amateur GrMo)
  4988 | D:4      | Found a staircase to the Ecumenical Temple.
  4990 | D:4      | Noticed Blork the orc
  5001 | D:4      | Slain by Blork the orc

Illustrated notes

Levels and vault maps discovered:
D:1:      eino_arrival_cavern_d, layout_basic, wad_floor_pattern_untrapped
D:2:      minmay_evil_eye, layout_loops_ring, old_standard_altar,
          elyvilon_altar_3, serial_bayou, serial_bayou_pond_b,
          serial_bayou_pond_d, serial_bayou_pond_b, serial_bayou_pond_d,
          serial_bayou_pond_b
D:3:      layout_basic, nicolae_ashenzari_panopticon,
          chequers_ecumenical_altar_simple_redux, minmay_misc_feat_chi,
          serial_bayou_lagoon_a
D:4:      minmay_razor_zed, layout_basic, minmay_temple_entry_crystal_x,
          gammafunk_ghost_grave, uniq_blork_the_orc

Skill      XL: |  1  2  3  4  5  6 |
---------------+-------------------+-----
Stealth        | 3 4 5 |  5.0
Poison Magic   | 4 5 |  5.0
Transmutations | 2 4 |  4.5
Spellcasting   | 3 4 |  4.5
Dodging        | |  2.0

Action                   |  1- 3 |  4- 6 |  7- 9 || total
-------------------------+-------+-------+-------++-------
Melee: Unarmed           |    14 |       |       ||    14
       Constrict         |    13 |    15 |     4 ||    32
       Tentacles         |     6 |    11 |     5 ||    22
       Dagger            |    37 |    80 |       ||   117
       Flail             |       |     2 |    16 ||    18
 Cast: Sting             |    16 |    28 |     5 ||    49
       Olgreb's Toxic Ra |       |     2 |     2 ||     4
       Ignite Poison     |       |       |     1 ||     1
Evoke: Wand              |       |       |     2 ||     2
  Use: Scroll            |       |     8 |       ||     8
       Potion            |       |     1 |       ||     1
 Stab: Sleeping          |     6 |    15 |     1 ||    22
  Eat: Chunk             |     3 |     8 |     2 ||    13
Armor: Skin              |     7 |     7 |     4 ||    18
Dodge: Dodged            |    36 |    75 |    20 ||   131
